 Dungeon Crawl Stone Soup version 0.19-a0-1937-g70ed36a (webtiles) character file.

100 varam the Twirler (level 4, -1/26 HPs)
             Began as a Gargoyle Gladiator on Oct 26, 2016.
             Slain by an iguana (7 damage)
             ... on level 4 of the Dungeon.
             The game lasted 00:02:33 (1545 turns).

varam the Twirler (Gargoyle Gladiator)              Turns: 1545, Time: 00:02:34

Health: -1/26      AC:  7    Str: 18    XL:     4   Next: 74%
Magic:  4/4        EV: 12    Int:  9    God:
Gold:   166        SH:  0    Dex: 11    Spells: 0 memorised, 3 levels left

rFire  . . .     SeeInvis .     a - +0 quarterstaff
rCold  . . .     Gourm    .     b - +0 leather armour
rNeg   + . .     Faith    .     (shield currently unavailable)
rPois  ∞         Spirit   .     c - +0 helmet
rElec  +         Reflect  .     (no cloak)
rCorr  .         Harm     .     (no gloves)
MR     .....                    (no boots)
Stlth  +.........               (no amulet)
                                (no ring)
                                (no ring)

@: no status effects
A: negative energy resistance 1, electricity resistance, unbreathing,
petrification resistance, rot immunity, AC +3
a: no special abilities


You were on level 4 of the Dungeon.
You were not hungry.

You visited 1 branch of the dungeon, and saw 4 of its levels.

You collected 166 gold pieces.

Inventory:

Hand Weapons
 a - a +0 quarterstaff (weapon)
Missiles
 d - 3 throwing nets (quivered)
Armour
 b - a +0 leather armour (worn)
 c - a +0 helmet (worn)
Jewellery
 g - an uncursed ring of wizardry {unknown}
 k - an uncursed ring of positive energy {unknown}
Wands
 s - a wand of polymorph (13/24)
Scrolls
 i - 4 scrolls of teleportation {unknown}
 j - a scroll of fear {unknown}
 m - 3 scrolls of identify {unknown}
 r - a scroll of noise {unknown}
 u - a scroll of immolation {unknown}
Potions
 e - a potion of berserk rage {unknown}
 o - a potion of lignification {unknown}
 p - a potion of resistance {unknown}
 t - a potion of curing {unknown}
Comestibles
 f - a bread ration
 h - a beef jerky
 l - 2 meat rations
 n - 4 chunks of flesh
 q - 2 fruits


   Skills:
 - Level 2.1 Fighting
 + Level 5.3 Staves
 - Level 1.7 Throwing
 - Level 2.4 Dodging


You had 3 spell levels left.
You didn't know any spells.

Dungeon Overview and Level Annotations

Branches:
Dungeon (4/15)
 Temple: D:4-7

Altars:
Gozag
Kikubaaqudgha

Annotations:
D:3 Gruud's ghost, amateur OgHu


Innate Abilities, Weirdness & Mutations

You are resistant to torment.
Your stone body is resilient. (AC +3)
You are immune to poison.
You resist negative energy. (rN+)
You are resistant to electric shocks. (rElec)
You can survive without breathing.
You are immune to petrification.
You are immune to rotting.


Message History

You hit the iguana but do no damage.
The iguana is lightly wounded.
The iguana bites you but does no damage.
You hit the iguana but do no damage.
The iguana is lightly wounded.
The iguana closely misses you.
You hit the iguana but do no damage.
The iguana is lightly wounded.
The iguana bites you.
You barely miss the iguana.
The iguana is lightly wounded.
The iguana closely misses you.
You barely miss the iguana.
The iguana is lightly wounded.
The iguana bites you!
* * * LOW HITPOINT WARNING * * *
You sock the iguana!
The iguana is severely wounded.
The iguana bites you!
You die...

#...# #.#...#
#.#...# #.#...#
# ###
##[#...#.##
#...#.........#
#.............#
#...#...<.....#
#...@...####
......l#...#
...........#
.#.#..#.#.## #
#..#. .. .....
..# ##. .. .##
##


You could see an iguana.

Vanquished Creatures
  4 adders
  2 oozes
  2 worms (D:2)
  A dart slug (D:1)
  An orc (D:3)
  A ball python (D:2)
  2 bats
  3 giant cockroaches
  6 goblins
  3 hobgoblins
  3 jackals (D:2)
  2 quokkas
  3 frilled lizards
  9 kobolds
  6 rats
48 creatures vanquished.

Notes
Turn   | Place    | Note
-------+----------+-------------------------------------------
     0 | D:1      | varam the Gargoyle Gladiator began the quest for the Orb.
     0 | D:1      | Reached XP level 1. HP: 12/12 MP: 1/1
    75 | D:1      | Reached XP level 2. HP: 17/17 MP: 2/2
   242 | D:1      | Reached skill level 4 in Staves
   652 | D:1      | Reached XP level 3. HP: 21/21 MP: 3/3
   924 | D:2      | Reached XP level 4. HP: 18/26 MP: 4/4
  1083 | D:2      | Reached skill level 5 in Staves
  1185 | D:2      | Found an opulent altar of Gozag.
  1499 | D:3      | Found an ancient bone altar of Kikubaaqudgha.
  1511 | D:3      | Noticed Gruud's ghost (amateur OgHu)
  1545 | D:4      | Slain by an iguana

Vault maps used:
D:1:      shiori_arrival_maze
D:2:      grunt_gozag_statues
D:3:      nicolae_overflow_crystal_walls, serial_co_window_serial,
          co_window_corner_a, co_window_of_opportunity_a,
          co_window_of_opportunity_a, co_window_paths_a,
          co_window_of_opportunity_a, co_window_unsneaky_path_c,
          co_window_broadway_b, co_window_cross_4, co_window_broadway_a,
          co_window_2corner, co_window_paths_d, first_bread,
          minmay_misc_feat_rugged
D:4:      uniq_natasha

Skill      XL: |  1  2  3  4 |
---------------+-------------+-----
Staves         | 4 5 |  5.3
Fighting       | |  2.1
Throwing       | |  1.7
Dodging        | |  2.4

Action                   |  1- 3 |  4- 6 || total
-------------------------+-------+-------++-------
Melee: Quarterstaff      |   106 |    51 ||   157
  Eat: Chunk             |       |     2 ||     2
Armor: Leather armour    |    39 |    12 ||    51
Dodge: Dodged            |    78 |    30 ||   108
